 Dungeon Crawl Stone Soup version 0.24.0-13-gcf9b319 (webtiles) character file.

Game seed: 4681060431838798201, levelgen mode: deterministic

212 Bronimir the Firebug (level 5, -1/39 HPs)
             Began as a Draconian Fire Elementalist on Mar 28, 2020.
             Slain by an orc
             ... wielding a +2 flail of crushing
              (4 damage)
             ... on level 3 of the Dungeon.
             The game lasted 00:05:37 (3463 turns).

Bronimir the Firebug (Draconian Fire Elementalist)  Turns: 3463, Time: 00:05:38

Health: -1/39      AC:  5    Str: 11    XL:     5   Next: 58%
Magic:  3/9        EV: 12    Int: 16    God:
Gold:   112        SH:  0    Dex: 11    Spells: 0/10 levels left

rFire    . . .     SeeInvis .   a - +0 halberd
rCold    . . .     Gourm    .   (shield currently unavailable)
rNeg     . . .     Faith    .   (armour unavailable)
rPois    .         Spirit   .   (helmet restricted)
rElec    .         Reflect  .   (no cloak)
rCorr    .         Harm     .   (no gloves)
MR       .....                  (no boots)
Stlth    ++........             (no amulet)
HPRegen  0.13/turn              (no ring)
MPRegen  0.11/turn              (no ring)

@: no status effects
A: unfitting armour, cold-blooded, AC +5
a: no special abilities


You were on level 3 of the Dungeon.
You were not hungry.

You visited 1 branch of the dungeon, and saw 3 of its levels.

You collected 112 gold pieces.

Inventory:

Hand Weapons
 a - a +0 halberd (weapon)
 b - a +0 hunting sling
 d - a +0 whip
 t - a +0 hand axe
Missiles
 k - 80 stones (quivered)
 p - 25 arrows
 r - 10 sling bullets
Scrolls
 e - a scroll of amnesia {unknown}
 g - 3 scrolls of identify {unknown}
 h - 2 scrolls of fear {unknown}
 i - 2 scrolls of remove curse {unknown}
 j - a scroll of enchant weapon {unknown}
 m - 2 scrolls of enchant armour {unknown}
Potions
 c - 4 potions of heal wounds {unknown}
 f - a potion of resistance {unknown}
 n - a potion of might {unknown}
 o - a potion of curing {unknown}
 q - a potion of cancellation {unknown}
Comestibles
 l - 5 rations


   Skills:
 + Level 0.4 Fighting
 + Level 1.2 Polearms
 + Level 1.2 Slings
 + Level 2.3 Dodging
 - Level 1.7 Stealth
 * Level 3.3 Spellcasting
 * Level 2.1 Conjurations
 * Level 4.1 Fire Magic


You couldn't memorise any spells.
You knew the following spells:

 Your Spells              Type           Power        Failure   Level  Hunger
a - Flame Tongue          Conj/Fire      ##...        4%          1    None
b - Throw Flame           Conj/Fire      ##....       8%          2    ##.....
c - Conjure Flame         Conj/Fire      ##......     16%         3    ###....
d - Sticky Flame          Conj/Fire      ##......     45%         4    ####...

Your spell library contained the following spells:

 Spells                   Type           Power        Failure   Level  Hunger
 Inner Flame              Hex/Fire       #.......     24%         3    ###....
 Fireball                 Conj/Fire      ##........   80%         5    ######.


Dungeon Overview and Level Annotations

Branches:
Dungeon (3/15)

Altars:


Innate Abilities, Weirdness & Mutations

Your plain brown scales are hard. (AC +5)
You cannot fit into any form of body armour.
You are cold-blooded and may be slowed by cold attacks.


Message History

An orc comes into view.
It is wielding a +0 flail of holy wrath.
The orc hits you with a +2 flail of crushing.
* * * LOW HITPOINT WARNING * * *
Casting: Flame Tongue (safe; 5% risk of failure)
Confirm with . or Enter, or press ? or * to list all spells.
Aiming: Flame Tongue (safe; 5% risk of failure)
Press: ? - help, Shift-Dir - straight line, f/p - orc priest
Aim: an orc priest, wielding a +0 club (severely wounded)
The flame tongue hits the orc priest!
You kill the orc priest!
The orc closely misses you.
The orc hits you with a +2 flail of crushing.
* * * LOW HITPOINT WARNING * * *
x2 The orc hits you but does no damage.
The orc hits you from afar with a +0 trident.
* * * LOW HITPOINT WARNING * * *
You see here a kobold corpse.
There is a stone staircase leading up here.
The orc hits you with a +2 flail of crushing.
You die...

.# #.# #...# .# #.# #...# .# ##.#
#$..##### .# #..#########...#...#
.# #...#).............. .#
#.#.o...........)... .#
#..o#..........).... ##
##.o########...#...# # ..#####.@#
#...##### # .......).###### #...#
# #########......# #...# #
#...#####.####.###...#
########.#.......#..........#
##...##.....รท###.#.##.###...
.....##.#.##.###.#.##.###########
##...##.#.##..........#.........#
##.......##..#.##.##.#.####.....


You could see 3 orcs.

Vanquished Creatures
  An orc wizard (D:3)
  An orc priest (D:3)
  A worker ant (D:2)
  A gnoll (D:2)
  6 adders (D:2)
  An ooze (D:1)
  A worm (D:2)
  A dart slug (D:1)
  A leopard gecko (D:2)
  3 orcs
  4 giant cockroaches
  4 goblins (D:1)
  5 hobgoblins
  2 jackals (D:2)
  10 kobolds
  A quokka (D:3)
  8 bats
  6 frilled lizards
  5 rats
62 creatures vanquished.

Notes
Turn   | Place    | Note
-------+----------+-------------------------------------------
     0 | D:1      | Bronimir the Draconian Fire Elementalist began the quest
                  | for the Orb.
     0 | D:1      | Reached XP level 1. HP: 14/14 MP: 3/3
   243 | D:1      | Reached XP level 2. HP: 20/20 MP: 1/5
   283 | D:1      | Learned a level 2 spell: Throw Flame
  1162 | D:1      | Reached XP level 3. HP: 26/26 MP: 3/6
  1195 | D:1      | Learned a level 3 spell: Conjure Flame
  1685 | D:2      | Reached XP level 4. HP: 23/33 MP: 5/8
  2072 | D:2      | Reached skill level 1 in Slings
  2362 | D:2      | Reached skill level 4 in Fire Magic
  2734 | D:2      | Reached XP level 5. HP: 38/38 MP: 6/9
  3390 | D:3      | Learned a level 4 spell: Sticky Flame
  3446 | D:3      | Reached skill level 1 in Polearms
  3463 | D:3      | Slain by an orc

Levels and vault maps discovered:
D:1:      dpeg_arrival_rooms_b, layout_loops_corners, due_unseen_surprise
D:2:      minmay_chambers_of_ones, layout_basic
D:3:      layout_loops_cross, first_ration

Skill      XL: |  1  2  3  4  5 |
---------------+----------------+-----
Dodging        | 2 |  2.3
Slings         | 1 |  1.2
Spellcasting   | 3 |  3.3
Fire Magic     | 4 |  4.1
Polearms       | 1 |  1.2
Conjurations   | 2 |  2.1
Fighting       | |  0.4
Stealth        | |  1.7

Action                   |  1- 3 |  4- 6 || total
-------------------------+-------+-------++-------
Melee: Whip              |     4 |       ||     4
       Halberd           |     6 |    38 ||    44
       Tailslap          |     1 |     1 ||     2
 Fire: Hunting sling     |    34 |     4 ||    38
 Cast: Flame Tongue      |    44 |    29 ||    73
       Throw Flame       |       |     9 ||     9
 Stab: Sleeping          |       |     3 ||     3
  Eat: Chunk             |     2 |     7 ||     9
Armor: Skin              |    19 |    17 ||    36
Dodge: Dodged            |    45 |    49 ||    94
